 Dungeon Crawl Stone Soup version 0.29-a0-994-gc5c9f59d18 (webtiles) character file.

Game seed: 2130404049792396258

1083 coolguy69 the Sneak (level 8, -1/42 HPs)
             Began as a Vine Stalker Monk on Aug 3, 2022.
             Succumbed to a water moccasin's poison
             ... on level 6 of the Dungeon.
             The game lasted 00:04:49 (4564 turns).

coolguy69 the Sneak (Vine Stalker Monk)             Turns: 4564, Time: 00:04:49

Health: -1/42      AC:  8    Str: 16    XL:     8   Next: 30%
Magic:  4/9        EV: 14    Int: 10    God:
Gold:   247        SH:  0    Dex: 17    Spells: 7/7 levels left

rFire   . . .      SeeInvis .   a - +0 short sword
rCold   . . .      Faith    .   (no shield)
rNeg    . . .      Spirit   +   b - +0 robe
rPois   .          Reflect  .   l - +0 helmet
rElec   .          Harm     .   k - +0 cloak
rCorr   .          Rampage  .   (no gloves)
Will    +....                   (no boots)
Stlth   ++++......              n - amulet of magic regeneration
HPRegen 0.94/turn               d - +4 ring of protection
MPRegen 0.51/turn               (no ring)

@: lethally poisoned (-1 -> -11)
A: fangs 3, regeneration 1, magic shield, antimagic bite, no potion heal 2
a: no special abilities


You were on level 6 of the Dungeon.
You visited 1 branch of the dungeon, and saw 6 of its levels.

You collected 362 gold pieces.
You spent 115 gold pieces at shops.

Inventory:

Hand Weapons
 a - a +0 short sword (weapon)
Armour
 b - a +0 robe (worn)
 k - a +0 cloak (worn)
 l - a +0 helmet (worn)
Jewellery
 d - a +4 ring of protection (left hand)
 n - an amulet of magic regeneration (around neck)
 r - a ring of flight
Scrolls
 e - 3 scrolls of magic mapping {unknown}
 f - 2 scrolls of blinking
 g - 3 scrolls of identify
 h - 3 scrolls of vulnerability {unknown}
 i - 3 scrolls of torment {unknown}
 j - a scroll of teleportation {unknown}
 p - a scroll of noise {unknown}
 q - a scroll of poison {unknown}
 t - 2 scrolls of amnesia {unknown}
 u - a scroll of fear {unknown}
Potions
 c - a potion of ambrosia
 o - a potion of degeneration {unknown}


   Skills:
 + Level 4.4 Fighting
 + Level 5.8 Short Blades
 + Level 4.2 Dodging
 + Level 6.9 Stealth


You had 7 spell levels left.
You didn't know any spells.
Your spell library contained the following spells:

 Spells                   Type           Power      Damage    Failure   Level
 Shock                    Conj/Air       0%         1d3       36%         1
 Sting                    Tmut/Pois      0%         1d3       36%         1
 Poisonous Vapours        Pois/Air       0%         N/A       50%         2
 Gell's Gravitas          Tloc           0%         N/A       75%         3
 Lesser Beckoning         Tloc           0%         N/A       75%         3
 Swiftness                Air            0%         N/A       75%         3
 Teleport Other           Tloc           0%         N/A       75%         3
 Airstrike                Air            0%         2d(0-16)  98%         4
 Corpse Rot               Necr/Pois/Air  0%         N/A       98%         4
 Fulminant Prism          Conj/Hex       0%         3d6       98%         4
 Iskenderun's Mystic Bla  Conj/Tloc      0%         2d3       98%         4
 Olgreb's Toxic Radiance  Pois           0%         N/A       98%         4
 Lee's Rapid Deconstruct  Erth           0%         3d5*      100%        5


Dungeon Overview and Level Annotations

Branches:
Dungeon (6/15)
 Temple: D:4-7

Altars:
Ashenzari
Cheibriados
Fedhas
Gozag
Nemelex Xobeh
Trog
Zin

Shops:
D:3 ?   D:4 (*

Annotations:
D:4 2 transporters, kd29's ghost, amateur DsTm


Innate Abilities, Weirdness & Mutations

You have razor-sharp teeth.
Your natural rate of healing is unusually fast.
When hurt, damage is shared between your health and your magic reserves.
Your bite disrupts and absorbs the magic of your enemies.
Potions cannot restore your health.


Message History

You are too injured to fight recklessly!
You barely miss the bullfrog. Your bite misses the bullfrog.
The bullfrog is severely wounded.
You feel very sick. The water moccasin closely misses you.
The bullfrog hits you but does no damage.
You barely miss the bullfrog. You punch the bullfrog.
Your bite misses the bullfrog.
The bullfrog is almost dead.
You feel sick. The water moccasin misses you. The bullfrog closely misses you.
You barely miss the bullfrog.
The bullfrog is almost dead.
You feel sick. The water moccasin bites you.
You are lethally poisoned!
The water moccasin poisons you!
The bullfrog hits you but does no damage.
You hit the bullfrog.
The bullfrog is almost dead.
* * * LOW HITPOINT WARNING * * *
You feel very sick. The bullfrog hits you. The water moccasin bites you.
* * * LOW HITPOINT WARNING * * *
You are more poisoned.
The water moccasin poisons you!
Your system rejects the healing.
You feel better. The bullfrog completely misses you.
The water moccasin bites you.
* * * LOW HITPOINT WARNING * * *
You are poisoned.
The water moccasin poisons you! The bullfrog closely misses you.
The water moccasin bites you.
* * * LOW HITPOINT WARNING * * *
The water moccasin attacks as you move away!
The water moccasin bites you.
* * * LOW HITPOINT WARNING * * *
You are lethally poisoned!
The water moccasin poisons you!
* * * LOW HITPOINT WARNING * * *
You feel very sick.
It was a potion of cancellation.
You feel magically purged.
You die...

#############
............
...........
..........
##...........
####............
#.....FS......#
##....@...(..#
##..........#
##........## .#
##......## ..#
##?....## #.#
##.....###.#
###....#.#
##.....# ##...##


You could see a water moccasin and a bullfrog.

Vanquished Creatures
  A troll (D:6)
  An ice beast (D:5)
  A black bear (D:5)
  An ogre (D:5)
  2 necrophages
  2 scorpions
  3 hounds (D:5)
  A jelly (D:4)
  An orc priest (D:5)
  4 iguanas
  An adder (D:2)
  2 ufetubi (D:5)
  A worm (D:2)
  A dart slug (D:2)
  4 orcs (D:5)
  9 ball pythons
  6 endoplasms
  2 giant cockroaches
  9 hobgoblins
  3 jackals (D:1)
  6 kobolds
  3 bats
  3 frilled lizards
  4 goblins
  3 rats
74 creatures vanquished.

Notes
Turn   | Place    | Note
-------+----------+-------------------------------------------
     0 | D:1      | coolguy69 the Vine Stalker Monk began the quest for the
                  | Orb.
     0 | D:1      | Reached XP level 1. HP: 11/11 MP: 2/2
     2 | D:1      | You fall into a shaft and drop 1 floor!
   654 | D:1      | Reached XP level 2. HP: 16/16 MP: 3/3
  1364 | D:2      | Reached XP level 3. HP: 19/19 MP: 4/4
  1609 | D:2      | Noticed an ogre
  2525 | D:3      | Found a broken altar of Ashenzari.
  2542 | D:3      | Reached skill level 3 in Stealth
  2805 | D:3      | Found Ceyjiw's Magic Scroll Boutique.
  2813 | D:3      | Gained mutation: Your natural rate of healing is unusually
                  | fast. [Vine Stalker growth]
  2813 | D:3      | Reached XP level 4. HP: 24/24 MP: 5/5
  3066 | D:3      | Found a snail-covered altar of Cheibriados.
  3073 | D:3      | Found a glowing silver altar of Zin.
  3076 | D:3      | Found an opulent altar of Gozag.
  3076 | D:3      | Found a bloodstained altar of Trog.
  3083 | D:3      | Found a sparkling altar of Nemelex Xobeh.
  3314 | D:4      | Found Esus's Assorted Antiques.
  3333 | D:4      | Bought a runed peridot amulet for 115 gold pieces
  3351 | D:4      | Noticed a necrophage
  3387 | D:4      | Killed a necrophage
  3388 | D:4      | Reached XP level 5. HP: 22/28 MP: 6/6
  3430 | D:4      | Noticed a phantom
  3540 | D:4      | Found a transporter.
  3554 | D:4      | Noticed kd29's ghost (amateur DsTm)
  3558 | D:4      | Found a transporter.
  3622 | D:4      | Reached skill level 4 in Stealth
  3626 | D:4      | Reached XP level 6. HP: 32/32 MP: 7/7
  3657 | D:4      | Found Mobbel's Weapon Shop.
  3712 | D:4      | Found a blossoming altar of Fedhas.
  3741 | D:5      | Entered Level 5 of the Dungeon
  3860 | D:5      | Reached skill level 5 in Stealth
  3918 | D:5      | Reached XP level 7. HP: 37/37 MP: 8/8
  3989 | D:5      | Reached skill level 5 in Short Blades
  4020 | D:5      | Identified the +9 quarterstaff of Zieffoc {vorpal, *Slow
                  | rC+ Str+7}
  4057 | D:5      | Reached skill level 6 in Stealth
  4311 | D:5      | Gained mutation: You have razor-sharp teeth. [Vine Stalker
                  | growth]
  4311 | D:5      | Reached XP level 8. HP: 39/42 MP: 9/9
  4486 | D:6      | Noticed a troll
  4492 | D:6      | Killed a troll
  4516 | D:6      | Identified the +5 hand axe "Xeon" {freeze, rElec rN+ Int+6}
  4563 | D:6      | HP: 2/42 [poisoned by a water moccasin]
  4564 | D:6      | Succumbed to a water moccasin's poison

Illustrated notes

Levels and vault maps discovered:
D:1:      tarquinn_simple_flora_water_e, layout_basic
D:2:      layout_basic, serial_glass, glass_columns_a, glass_columns_b,
          due_unseen_surprise, minmay_strange_pillars, minmay_strange_pillars,
          feat_on_display
D:3:      layout_loops_ring, nicolae_ashenzari_panopticon,
          nicolae_overflow_hallway_of_the_gods, serial_shops, shop,
          minmay_liquid_box
D:4:      layout_gridville, overflow_temple_1_default, serial_shops,
          kennysheep_mini, shop_coins, gammafunk_ghost_mausoleum
D:5:      layout_cave_pools, kennysheep_decorative_pillar, minmay_misc_feat_iff
D:6:      layout_cave_pods, minmay_temple_entry_ruins

Skill      XL: |  1  2  3  4  5  6  7  8 |
---------------+-------------------------+-----
Short Blades   | 3 4 5 |  5.8
Fighting       | 3 4 |  4.4
Stealth        | 3 4 5 6 |  6.9
Dodging        | 3 4 |  4.2

Action                   |  1- 3 |  4- 6 |  7- 9 || total
-------------------------+-------+-------+-------++-------
Melee: Short sword       |   112 |   140 |    79 ||   331
       Bite              |    28 |    40 |    29 ||    97
       Punch             |     1 |     6 |     2 ||     9
  Use: Scroll            |     3 |       |       ||     3
       Potion            |       |     3 |     2 ||     5
 Stab: Sleeping          |     7 |     8 |     4 ||    19
Armor: Robe              |    48 |    26 |    34 ||   108
Dodge: Dodged            |    83 |    77 |    54 ||   214

Table legend: (Time is in decaauts)
 A = Elapsed time spent in this place.
 B = Non-inter-level travel time spent in this place.
 C = Inter-level travel time spent in this place.
 D = Time resting spent in this place.
 E = Time spent auto-exploring this place.
 F = Levels seen in this place.
 G = Mean time per level.
                   A        B        C        D        E       F      G
               +--------+--------+--------+--------+--------+-----+--------+
         Total |   4514 |   4416 |     98 |    894 |   2674 |   6 |  752.3 |
       Dungeon |   4514 |   4416 |     98 |    894 |   2674 |   6 |  752.3 |
               +--------+--------+--------+--------+--------+-----+--------+

Top non-repeatable levels by time:
     D:1: 1599 daAuts
     D:3: 1097 daAuts
     D:5: 710 daAuts
     D:2: 600 daAuts
     D:4: 431 daAuts
     D:6: 75 daAuts
